 Dungeon Crawl Stone Soup version 0.31.0-32-g396128a36d (webtiles) character file.

Game seed: 18279731944549323775

312800 NikiYani the Impregnable (level 20, -23/184 (195) HPs)
             Began as a Minotaur Berserker on Apr 8, 2024.
             Was an Elder of Trog.
             Killed from afar by a shadow dragon (35 damage)
             ... with a bolt of negative energy
             ... on level 4 of the Depths.
             The game lasted 02:04:25 (56044 turns).

NikiYani the Impregnable (Minotaur Berserker)      Turns: 56044, Time: 02:04:26

HP:   -23/184 (195) AC: 38    Str: 39    XL:     20   Next: 45%
MP:   0/19          EV: 21    Int:  4    God:    Trog [****..]
Gold: 5009          SH: 19    Dex: 14    Spells: 19/19 levels left

rFire   + + +        F - +9 morningstar (drain)
rCold   . . .        U - +5 Storm Queen's Shield {shock, Fly rElec}
rNeg    . . .        J - +10 crystal plate armour "Ceerriz" {rF+}
rPois   .            (helmet unavailable)
rElec   +            v - +2 cloak
rCorr   +            D - +0 pair of gloves "Qouvuihe" {Str+7}
SInv    +            q - +0 pair of boots of the Blue Skies {^Contam rElec rF++ Slay+3}
Will    ++++.        I - amulet of the Tormentor {Spirit Rampage} Stlth
                     R - ring of Purumoov {Will+ rCorr SInv}
HPRegen 1.50/turn    O - ring "Ogie" {rElec EV+5 Str+3 Dex+4 SInv}
MPRegen 0.16/turn

%: guardian spirit, rampage
@: lethally poisoned (-23 -> -35), strong-willed, flying, regenerating, slowed,
studying Armour, drained, very slow
A: horns 3, retaliatory headbutt, clumsy 1, deformed body, inability to read
after injury 1
}: 2/15 runes: barnacled, gossamer
a: Renounce Religion, Berserk, Trog's Hand, Brothers in Arms


You were on level 4 of the Depths.
You worshipped Trog.
Trog was greatly pleased with you.
You visited 8 branches of the dungeon, and saw 36 of its levels.

You collected 5212 gold pieces.
You spent 203 gold pieces at shops.

Inventory:

Hand Weapons
 d - the +1 short sword of the Bruised Lies {drain, Dex+2}
   (You found it on level 12 of the Dungeon)

   Dex+2:     It affects your dexterity (+2).
 h - the +6 mace "Porph" {flame, ^Fragile rPois rF+}
   (Trog gifted it to you on level 3 of the Lair of Beasts)

   rF+:       It protects you from fire.
   rPois:     It protects you from poison ^Fragile: It will be destroyed if
   unequipped.
 F - a +9 morningstar of draining (weapon)
 Z - the +9 short sword of the Hills {pain, rN+ Will- Str+6}
   (You found it on level 2 of the Lair of Beasts)

   Str+6:     It affects your strength (+6).
   rN+:       It protects you from negative energy.
   Will-:     It decreases your willpower.
Missiles
 W - 10 throwing nets
Armour
 m - a +2 hat of stealth
 q - the +0 pair of boots of the Blue Skies (worn) {^Contam rElec rF++ Slay+3}
   (You found it on level 3 of the Spider Nest)

   Slay+3:    It affects your accuracy & damage with ranged weapons and melee
   (+3).
   rF++:      It greatly protects you from fire.
   rElec:     It insulates you from electricity.
   ^Contam:   It causes magical contamination when unequipped.
 v - a +2 cloak (worn)
 D - the +0 pair of gloves "Qouvuihe" (worn) {Str+7}
   (You found it on level 2 of the Spider Nest)

   Str+7:     It affects your strength (+7).
 H - the orb "Jej Tio" {*Rage, Int+4}
   (You found it on level 7 of the Dungeon)

   Int+4:     It affects your intelligence (+4).
 J - the +10 crystal plate armour "Ceerriz" (worn) {rF+}
   (You took it off an orc priest on level 10 of the Dungeon)

   rF+:       It protects you from fire.
 U - the +5 Storm Queen's Shield (worn) {shock, Fly rElec}
   (You found it on level 4 of the Shoals)

   Shock:     When it blocks an attack, it may electrocute the attacker.
   This works even against foes who are a short distance away.
   rElec:     It insulates you from electricity.
   Fly:       It grants you flight.
Jewellery
 A - a ring of protection from cold
 I - the amulet of the Tormentor (around neck) {Spirit Rampage}
   (You took it off an orc priest on level 10 of the Dungeon)

   [amulet of guardian spirit]

   Spirit:    It causes incoming damage to be divided between your reserves of
   health and magic.
   Rampage:   It bestows one free step when moving towards enemies.
 O - the ring "Ogie" (right hand) {rElec EV+5 Str+3 Dex+4 SInv}
   (You acquired it on level 15 of the Dungeon)

   [ring of evasion]

   EV+5:      It affects your evasion (+5).
   Str+3:     It affects your strength (+3).
   Dex+4:     It affects your dexterity (+4).
   rElec:     It insulates you from electricity.
   SInv:      It lets you see invisible.
 R - the ring of Purumoov (left hand) {Will+ rCorr SInv}
   (You found it on level 3 of the Spider Nest)

   [ring of see invisible]

   Will+:     It increases your willpower.
   SInv:      It lets you see invisible.
   rCorr:     It protects you from acid and corrosion.
 T - the ring "Pyok" {Will+ rCorr AC+4 Str+3 Int-4}
   (You found it on level 4 of the Shoals)

   [ring of protection]

   AC+4:      It affects your AC (+4).
   Str+3:     It affects your strength (+3).
   Int-4:     It affects your intelligence (-4).
   Will+:     It increases your willpower.
   rCorr:     It protects you from acid and corrosion.
Wands
 l - a wand of iceblast (31)
 o - a wand of digging (4)
 y - a wand of mindburst (17)
 E - a wand of polymorph (22)
 G - a wand of flame (58)
 L - a wand of paralysis (21)
 Q - a wand of light (10)
Scrolls
 a - 3 scrolls of vulnerability
 b - a scroll of revelation
 c - 3 scrolls of fear
 f - 5 scrolls of poison
 j - 3 scrolls of butterflies
 k - a scroll of enchant armour
 p - 6 scrolls of immolation
 s - 5 scrolls of noise
 t - 3 scrolls of enchant weapon
 u - 3 scrolls of blinking
 w - 7 scrolls of teleportation
 S - a scroll of torment
 V - 5 scrolls of silence
 Y - 6 scrolls of fog
Potions
 e - 7 potions of might
 i - 22 potions of curing (quivered)
 n - 9 potions of ambrosia
 r - 7 potions of heal wounds
 x - 6 potions of mutation
 z - 6 potions of haste
 B - 3 potions of resistance
 C - 4 potions of cancellation
 K - 5 potions of attraction
 M - a potion of lignification
 N - 2 potions of invisibility
Miscellaneous
 g - a phantom mirror
 P - a sack of spiders (inert)
 X - a phial of floods


   Skills:
 + Level 20.7 Fighting
 + Level 20.7 Maces & Flails
 + Level 21.4 Armour
 * Level 20.3 Dodging
 * Level 18.1 Shields


You had 19 spell levels left.
You didn't know any spells.
Your spell library was empty.

Dungeon Overview and Level Annotations

Branches:
Dungeon (15/15)            Temple (1/1) D:6            Lair (5/5) D:9
 Shoals (4/4) Lair:3       Spider (4/4) Lair:2        Slime (0/5) Lair:4
    Orc (2/2) D:12            Elf (0/3) Orc:2        Vaults (1/5) D:14
 Depths (4/4) D:15            Zot (0/5) Depths:4

Altars:
Ashenzari
Cheibriados
Dithmenos
Elyvilon
Fedhas
Gozag
Hepliaklqana
Kikubaaqudgha
Makhleb
Nemelex Xobeh
Okawaru
Qazlal
Ru
Sif Muna
Trog
Uskayaw
Vehumet
Wu Jian
Xom
Yredelemnul
Zin
The Shining One
Jiyva

Shops:
D:6 (   Orc:1 (   Orc:2 :[(*   Shoals:4 [   Depths:1 =   Depths:3 *
Depths:4 *

Portals:
Hell: Depths:1 Depths:2 Depths:3 Depths:4
Abyss: Depths:3
Pandemonium: Depths:2
Ziggurat: Depths:3

Annotations:
D:6 Jeremiah
Depths:1 1 runed translucent door


Innate Abilities, Weirdness & Mutations

You have a pair of large horns on your head.
You reflexively headbutt those who attack you in melee.
You are clumsy. (Dex -2)
Armour fits poorly on your strangely shaped body.
You occasionally lose the ability to read scrolls when taking damage.


Message History

Your ogre's corpse disappears in a puff of smoke!
You hear a roar!
Blink to where?
Press: ? - help, Dir - move target A green draconian comes into view.
It is wielding a +0 short sword.
As you read the scroll of blinking, it crumbles to dust.
A stone giant comes into view.
The stone giant shouts!
A stone giant comes into view.
You block the green draconian's attack. The green draconian misses you.
The stone giant throws a large rock.
You block the large rock. You block the green draconian's attack.
Your shield discharges, shocking the green draconian!
The green draconian tail-slaps you!
You are poisoned.
The green draconian poisons you! The stone giant hits you!!
* * * LOW HITPOINT WARNING * * *
You block the green draconian's attack. x2
You hear a roar!
You hear a shout!
A white draconian and a white draconian stormcaller come into view.
You feel extremely sick.
The golden dragon roars deafeningly!
The white draconian roars!
The white draconian stormcaller roars!
The stone giant throws a large rock.
You block the large rock.
The white draconian stormcaller mumbles some strange prayers to Qazlal against you.
Qazlal smites you!
* * * LOW HITPOINT WARNING * * *
You block the stone giant's attack.
Your shield discharges, shocking the stone giant!
The white draconian moves out of view.
* * * LOW HITPOINT WARNING * * *
You feel extremely sick.
The shadow dragon attacks as it pursues you!
The shadow dragon bites you but does no damage.
The shadow dragon completely misses you.
You block the shadow dragon's attack.
The stone giant throws a large rock.
The large rock closely misses you.
The shadow dragon breathes negative energy at you.
The bolt of negative energy hits you!!!
You feel drained.
You die...

........## ##...## ...(.....#
#.....# .........# '..∩..'
∩........# #/.D.. ........##
##.Dd ####....# ##'## #....+
##q..## #....# ##.D.Cd##
#(...#### #..@#...## #♣~
#.......##...###...## ~§~~
#.......#...#####...#.....
######'###+##...##'##....#
#.##..#.≈≈§§§.C.≈≈≈.+
#.##.##.≈§##≈...§#≈.# #
#.....+.≈≈§≈≈§..§≈≈§# ..
####.#.§TCCuC....§..#.#
###########'##.pipp######+#..##


You could see 2 shadow dragons, a golden dragon, a green draconian, a white
draconian, a stone giant and a white draconian stormcaller.

Vanquished Creatures
  Frederick (Depths:3)
  Nikola (Depths:2)
  A bone dragon (Depths:4)
  A tentacled monstrosity (Depths:2)
  7 liches
  A sphinx (Depths:1)
  An ancient champion (Depths:2)
  Polyphemus (Shoals:4)
  A kraken (Shoals:4)
  4 tengu reavers
  Donald (Shoals:4)
  The ghost of NikiYani the Warrior, a journeyman MiBe of Trog (Depths:1)
  3 emperor scorpions
  An iron dragon (Depths:3)
  5 fire giants
  The ghost of infcreate the Ruinous, an adept DECj of Vehumet (Spider:3)
  3 frost giants
  A balrug (Depths:3)
  4 ghost moths
  2 reapers (Depths:2)
  An ironbound preserver (D:14)
  12 very ugly things
  2 cacodemons
  A draconian stormcaller (Depths:4)
  4 spriggan defenders
  12 stone giants
  4 vampire knights
  4 broodmothers
  A green draconian (Depths:4)
  A lorocyproca (Depths:2)
  3 deep elf annihilators (Depths:3)
  3 spectral pearl dragons (Depths:2)
  A red draconian (Depths:4)
  6 ettins
  4 spark wasps
  6 slime creatures
  6 statues (Depths:3)
  A green death (Depths:3)
  2 mummy priests (Depths:2)
  3 jiangshi (Depths:2)
  3 merfolk javelineers
  4 entropy weavers
  5 fire dragons
  2 hydras
  8 merfolk impalers
  Harold (D:9)
  2 rakshasas (Depths:2)
  4 salamander tyrants (Depths:3)
  Erolcha (Orc:2)
  3 hell beasts
  3 catoblepae
  3 ice dragons
  4 spriggan air magi
  A spriggan skeleton (Depths:1)
  3 alligator snapping turtles
  3 merfolk avatars
  A sphinx zombie (D:15)
  4 centaur warriors
  2 ogre magi (D:10)
  A merfolk aquamancer (Shoals:4)
  2 tengu warriors
  9 boulder beetles
  A death knight (D:15)
  5 radroaches
  2 jorogumos
  5 two-headed ogres
  8 deep troll shamans
  8 demonic crawlers
  9 deep troll earth magi
  2 satyrs (Shoals:4)
  2 sphinx skeletons
  3 dancing weapons
  An orc high priest (Orc:2)
  4 occultists
  10 death yaks
  3 vampire magi
  2 spriggan berserkers (Depths:4)
  Nergalle (D:11)
  A soul eater (Depths:3)
  Sonja (Lair:1)
  3 spriggans
  3 skysharks
  A death drake (shapeshifter) (Depths:2)
  4 skeletal warriors (D:15)
  6 iron trolls
  8 pharaoh ants
  A goliath frog (shapeshifter) (Depths:2)
  6 sea snakes
  A mana viper (shapeshifter) (Depths:4)
  Lodul (D:14)
  16 deep trolls
  A glowing orange brain (D:14)
  4 orb spiders
  A golden dragon skeleton (Depths:2)
  An arcanist (D:14)
  An obsidian statue (Depths:3)
  A kraken simulacrum (Shoals:4)
  5 phantasmal warriors
  Pikel (D:5)
  A lindwurm (Lair:3)
  2 deep elf pyromancers (D:10)
  6 steelbarb worms
  17 harpies
  5 necromancers
  A harpy (shapeshifter) (D:15)
  6 orc knights
  3 orc sorcerers
  27 wolf spiders
  An iron dragon zombie (Depths:3)
  9 manticores
  A cyclops (shapeshifter) (Depths:2)
  4 cyclopes
  4 moths of wrath
  10 ugly things
  A frost giant skeleton (Depths:2)
  A kobold blastminer (Orc:1)
  5 merfolk sirens
  12 meliai
  9 black mambas
  Joseph (D:9)
  2 gargoyles
  A guardian serpent (Lair:5)
  A black mamba (shapeshifter) (D:15)
  2 water nymphs (Shoals:4)
  A water nymph (shapeshifter) (Depths:2)
  20 elephants
  2 smoke demons
  16 cane toads
  2 rime drakes
  4 torpor snails
  An unseen horror (D:11)
  24 komodo dragons
  A tormentor (Depths:3)
  5 guardian mummies (Depths:2)
  3 golden dragon simulacra
  An ice devil (Depths:3)
  6 tengu conjurers
  2 hellwings (Depths:3)
  A merfolk (shapeshifter) (Depths:2)
  8 wind drakes
  34 merfolk
  8 trolls
  27 tarantellas
  5 polar bears (Lair:4)
  Prince Ribbit (D:5)
  7 hornets
  7 blink frogs (Lair:2)
  4 dream sheep
  An iron dragon simulacrum (Depths:3)
  8 snapping turtles
  A glass eye (Depths:1)
  A slime creature (shapeshifter) (Depths:2)
  42 jumping spiders
  Sigmund (D:6)
  24 culicivoras
  A shadow (D:11)
  8 water elementals
  2 vampires
  3 ynoxinuls (Depths:3)
  39 yaks
  2 wraiths
  14 wyverns
  11 humans (D:15)
  52 redbacks
  A golden eye (shapeshifter) (D:14)
  12 basilisks
  4 wargs
  A hog (shapeshifter) (D:9)
  A steam dragon (D:7)
  2 vampire mosquitoes (D:11)
  A neqoxec (Depths:3)
  A redback (shapeshifter) (Depths:2)
  A naga (shapeshifter) (D:13)
  2 chaos spawn (Depths:3)
  4 glowing shapeshifter zombies
  An acid dragon (D:11)
  Duvessa (D:7)
  27 water moccasins
  4 ice beasts
  2 sky beasts (D:7)
  25 orc warriors
  6 laughing skulls
  A black bear (shapeshifter) (Depths:2)
  A black bear (D:5)
  14 ogres
  17 centaurs
  14 wolves
  2 lemures (D:5)
  2 phantoms
  3 kobold brigands
  6 scorpions
  A gnoll sergeant (D:9)
  10 bullfrogs
  14 wights
  Dowan (D:7)
  18 killer bees
  3 electric eels
  3 howler monkeys (D:12)
  3 hounds
  A hound (shapeshifter) (D:14)
  19 orc priests
  4 bombardier beetles
  Crazy Yiuf (D:4)
  9 jellies
  5 iguanas
  2 sleepcaps
  35 orc wizards
  Robin (D:4)
  6 gnolls (D:3)
  11 adders
  A shadow imp (D:5)
  2 ribbon worms
  2 dart slugs
  75 orcs
  5 bats
  8 endoplasms
  12 giant cockroaches
  40 goblins
  30 hobgoblins
  4 jackals (D:1)
  4 quokkas
  6 ball pythons
  6 frilled lizards
  18 kobolds
  5 rats
  4 tentacles (Shoals:4)
1377 creatures vanquished.

Vanquished Creatures (collateral kills)
  An ancient champion (Depths:2)
  Ilsuiw (Shoals:2)
  An orc warlord (Orc:1)
  A cacodemon (Depths:2)
  A merfolk impaler (Shoals:2)
  An entropy weaver (Spider:4)
  A satyr (Shoals:3)
  A merfolk aquamancer (Shoals:4)
  A dancing weapon (Depths:2)
  An orb spider (Spider:4)
  A harpy (Shoals:3)
  2 wolf spiders
  A manticore (Shoals:2)
  3 fauns (Shoals:3)
  A meliai (Spider:4)
  A merfolk siren (Shoals:2)
  A moth of wrath (Spider:4)
  A black mamba (Lair:5)
  A queen bee (shapeshifter) (Depths:2)
  2 tarantellas
  4 merfolk (Shoals:4)
  2 jumping spiders
  A snapping turtle (Shoals:4)
  A culicivora (Spider:3)
  A redback (Lair:5)
33 creatures vanquished.

Vanquished Creatures (others)
  A stone giant (Depths:2)
  A fire dragon (Depths:2)
  A deep troll earth mage (Depths:2)
  3 deep trolls (Depths:2)
  An orb spider (Spider:4)
  An ugly thing (Depths:2)
  A glass eye (Depths:2)
  An orc wizard (D:9)
  8 tentacles (Shoals:4)
18 creatures vanquished.

Grand Total: 1428 creatures vanquished

Notes
Turn   | Place    | Note
-------+----------+-------------------------------------------
     0 | D:1      | NikiYani the Minotaur Berserker began the quest for the
                  | Orb.
     0 | D:1      | Reached XP level 1. HP: 19/19 MP: 0/0
   319 | D:1      | Reached XP level 2. HP: 24/27 MP: 1/1
   709 | D:1      | Reached ** piety under Trog
   710 | D:1      | Reached skill level 3 in Armour
   724 | D:1      | Found a faded altar of an unknown god.
   778 | D:1      | Reached XP level 3. HP: 33/33 MP: 2/2
  1913 | D:2      | Reached XP level 4. HP: 40/40 MP: 3/3
  2027 | D:3      | Noticed a centaur
  2038 | D:3      | Killed a centaur
  2039 | D:3      | Reached XP level 5. HP: 44/47 MP: 4/4
  2041 | D:3      | Reached skill level 4 in Armour
  2045 | D:3      | Reached skill level 5 in Maces & Flails
  2319 | D:3      | Reached skill level 5 in Fighting
  2815 | D:3      | Reached *** piety under Trog
  2845 | D:3      | Reached XP level 6. HP: 48/56 MP: 5/5
  3095 | D:3      | Reached **** piety under Trog
  3410 | D:4      | Noticed Robin
  3428 | D:4      | Killed Robin
  3779 | D:4      | Found a bloodstained altar of Trog.
  3918 | D:4      | Reached skill level 5 in Armour
  3918 | D:4      | Reached XP level 7. HP: 56/62 MP: 6/6
  3952 | D:4      | Found a shimmering blue altar of Sif Muna.
  4249 | D:4      | Found a runed translucent door.
  4250 | D:4      | Noticed Crazy Yiuf
  4477 | D:4      | Killed Crazy Yiuf
  4500 | D:5      | Entered Level 5 of the Dungeon
  4522 | D:5      | Reached skill level 5 in Dodging
  4669 | D:5      | Noticed Pikel
  4708 | D:5      | Killed Pikel
  4709 | D:5      | Reached skill level 6 in Armour
  4709 | D:5      | Reached XP level 8. HP: 55/71 MP: 7/7
  4867 | D:5      | Reached skill level 7 in Armour
  5405 | D:5      | Noticed Prince Ribbit
  5420 | D:5      | Killed Prince Ribbit
  6165 | D:6      | Noticed Sigmund
  6190 | D:6      | Killed Sigmund
  6191 | D:6      | Reached XP level 9. HP: 81/81 MP: 8/8
  6532 | D:6      | Found a staircase to the Ecumenical Temple.
  6556 | Temple   | Entered the Ecumenical Temple
  6808 | D:6      | Noticed Jeremiah
  7526 | D:6      | You fall into a shaft and drop 2 floors!
  7559 | D:8      | Found an opulent altar of Gozag.
  7617 | D:8      | Found a burning altar of Makhleb.
  7680 | D:8      | Noticed a two-headed ogre
  7685 | D:8      | Killed a two-headed ogre
  7686 | D:8      | Reached skill level 8 in Armour
  8114 | D:8      | Found a sacrificial altar of Ru.
  8373 | D:6      | Found Siorab's Weapon Emporium.
  8387 | D:6      | Reached skill level 9 in Armour
  8453 | D:7      | Reached XP level 10. HP: 91/91 MP: 9/9
  8982 | D:7      | Noticed Dowan
  8983 | D:7      | Noticed Duvessa
  9128 | D:7      | Killed Dowan
  9135 | D:7      | Killed Duvessa
  9217 | D:7      | Found a blossoming altar of Fedhas.
  9440 | D:7      | Identified the orb "Jej Tio" {*Rage, Int+4}
  9703 | D:8      | Reached skill level 10 in Maces & Flails
  9738 | D:8      | Reached skill level 10 in Fighting
  9987 | D:8      | Found a basalt altar of Yredelemnul.
 10351 | D:9      | Noticed a two-headed ogre
 10367 | D:9      | Killed a two-headed ogre
 10368 | D:9      | Reached skill level 10 in Armour
 10424 | D:9      | Found an iron altar of Okawaru.
 10815 | D:9      | Found a snail-covered altar of Cheibriados.
 11070 | D:10     | Entered Level 10 of the Dungeon
 11133 | D:10     | Found a glowing golden altar of the Shining One.
 11296 | D:10     | Found an ornate altar of the Wu Jian Council.
 11515 | D:10     | Found a hazy altar of Hepliaklqana.
 11556 | D:10     | Reached XP level 11. HP: 93/101 MP: 10/10
 11860 | D:10     | Noticed a two-headed ogre
 11871 | D:10     | Killed a two-headed ogre
 11883 | D:10     | Noticed an ogre mage
 11918 | D:10     | Noticed an ogre mage
 11920 | D:10     | Noticed a deep elf pyromancer
 11925 | D:10     | Killed an ogre mage
 11926 | D:10     | Reached skill level 10 in Dodging
 11926 | D:10     | Noticed a two-headed ogre
 11932 | D:10     | Identified the +10 crystal plate armour "Ceerriz" {rF+}
 11932 | D:10     | Identified the amulet of the Tormentor {Spirit Rampage}
 11932 | D:10     | Noticed an orc knight
 11935 | D:10     | Killed a two-headed ogre
 11936 | D:10     | Reached skill level 11 in Armour
 11936 | D:10     | Killed a deep elf pyromancer
 11965 | D:10     | Killed an orc knight
 11984 | D:10     | Killed an ogre mage
 12080 | D:10     | Noticed a boulder beetle
 12087 | D:10     | Killed a boulder beetle
 12296 | D:10     | Noticed a white ugly thing
 12303 | D:10     | Killed a white ugly thing
 12709 | D:10     | Noticed an orc knight
 12710 | D:10     | Found a runed translucent door.
 12717 | D:10     | Killed an orc knight
 12751 | D:10     | Noticed a deep elf pyromancer
 12751 | D:10     | Noticed a boulder beetle
 12908 | D:10     | Killed a deep elf pyromancer
 12913 | D:10     | Killed a boulder beetle
 13053 | D:11     | Reached skill level 12 in Armour
 13104 | D:11     | Reached XP level 12. HP: 112/112 MP: 11/11
 13263 | D:11     | Reached ***** piety under Trog
 13334 | D:11     | Noticed Nergalle
 13343 | D:11     | Killed Nergalle
 13410 | D:11     | Found an ancient bone altar of Kikubaaqudgha.
 14739 | D:12     | Identified the +1 short sword of the Bruised Lies {drain,
                  | Dex+2}
 15013 | D:12     | Found a staircase to the Orcish Mines.
 15454 | Orc:1    | Entered Level 1 of the Orcish Mines
 16780 | Orc:1    | Found Cuxzoitz's Weapon Shop.
 16864 | Orc:2    | Entered Level 2 of the Orcish Mines
 16971 | Orc:2    | Noticed Erolcha
 16972 | Orc:2    | Noticed an orc high priest
 16986 | Orc:2    | Killed an orc high priest
 16992 | Orc:2    | Killed Erolcha
 16993 | Orc:2    | Reached skill level 13 in Armour
 17087 | Orc:2    | Noticed an orc warlord
 18085 | Orc:1    | Killed an orc warlord
 18304 | Orc:2    | Found Fealef's General Store.
 18338 | Orc:2    | Found Amnoluss's Antique Weapon Shop.
 18690 | Orc:2    | Found a staircase to the Elven Halls.
 18792 | Orc:2    | Found Zosarec's Antique Armour Shop.
 18807 | Orc:2    | Found Pimiqeoner's Book Shop.
 19181 | Orc:2    | Bought a runed hat for 203 gold pieces
 19506 | D:13     | Reached XP level 13. HP: 123/123 MP: 12/12
 19524 | D:13     | Reached skill level 1 in Shields
 20291 | D:13     | Received a gift from Trog
 20803 | D:14     | Found a gate to the Vaults.
 20803 | D:14     | Noticed an ironbound preserver
 20820 | D:14     | Killed an ironbound preserver
 21534 | D:9      | Paralysed by a hornet for 1 turns
 21536 | D:9      | Reached skill level 14 in Armour
 21746 | D:9      | Noticed Harold
 21786 | D:9      | Killed Harold
 21869 | D:9      | Found a staircase to the Lair.
 21873 | D:9      | Noticed Joseph
 21876 | D:9      | Killed Joseph
 22499 | Lair:1   | Entered Level 1 of the Lair of Beasts
 22850 | Lair:1   | Reached skill level 5 in Shields
 22990 | Lair:1   | Found a broken altar of Ashenzari.
 23014 | Lair:1   | Noticed Sonja
 23025 | Lair:1   | Killed Sonja
 24170 | Lair:2   | Reached XP level 14. HP: 129/133 MP: 13/13
 24284 | Lair:2   | Identified the +9 short sword of the Hills {pain, rN+ Will-
                  | Str+6}
 24469 | Lair:2   | Reached skill level 15 in Fighting
 24477 | Lair:2   | Reached skill level 15 in Maces & Flails
 24696 | Lair:2   | Found a hole to the Spider Nest.
 25090 | Lair:3   | Identified the +6 mace "Porph" {flame, ^Fragile rPois rF+}
                  | (Trog gifted it to you on level 3 of the Lair of Beasts)
 25090 | Lair:3   | Received a gift from Trog
 25121 | Lair:3   | Reached skill level 15 in Armour
 25693 | Lair:3   | Found a staircase to the Shoals.
 26039 | Lair:4   | Found a staircase to the Slime Pits.
 26044 | Lair:4   | Found a viscous altar of Jiyva.
 26135 | Lair:4   | Found a frozen archway.
 26999 | Lair:5   | Entered Level 5 of the Lair of Beasts
 27320 | Lair:5   | Reached XP level 15. HP: 131/143 MP: 14/14
 27670 | Lair:5   | Received a gift from Trog
 28768 | Lair:5   | Reached skill level 16 in Armour
 29162 | Shoals:1 | Entered Level 1 of the Shoals
 30023 | Shoals:2 | Reached skill level 15 in Dodging
 30309 | Shoals:2 | Reached skill level 10 in Shields
 30332 | Shoals:2 | Noticed Ilsuiw
 30821 | Shoals:2 | Killed Ilsuiw
 31910 | Shoals:4 | Entered Level 4 of the Shoals
 31910 | Shoals:4 | Found the +5 Storm Queen's Shield {shock, Fly rElec}
 31916 | Shoals:4 | Noticed Polyphemus
 32043 | Shoals:4 | Reached XP level 16. HP: 149/154 MP: 13/15
 32223 | Shoals:4 | Killed Polyphemus
 32324 | Shoals:4 | Reached skill level 17 in Armour
 32363 | Shoals:4 | Noticed Donald
 32374 | Shoals:4 | Killed Donald
 32709 | Shoals:4 | Found Li Ji's Dragon-Slaying Spoils.
 33105 | Shoals:4 | Identified the ring "Pyok" {Will+ rCorr AC+4 Str+3 Int-4}
 33988 | Shoals:4 | Got a barnacled rune of Zot
 34170 | Shoals:4 | Identified the +2 flail of Ointment {pain, Dex+6}
 34599 | Shoals:4 | Noticed a kraken
 34614 | Shoals:4 | Killed a kraken
 35212 | Shoals:1 | Lost intelligence.
 35506 | Spider:1 | Entered Level 1 of the Spider Nest
 36008 | Spider:1 | Received a gift from Trog
 36584 | Spider:1 | Reached XP level 17. HP: 163/163 MP: 16/16
 37387 | Spider:2 | Reached skill level 18 in Armour
 37630 | Spider:2 | Identified the +0 pair of gloves "Qouvuihe" {Str+7}
 38860 | Spider:3 | Identified the ring of Purumoov {Will+ rCorr SInv}
 38864 | Spider:3 | Received a gift from Trog
 39562 | Spider:3 | Found a runed translucent gate.
 39563 | Spider:3 | Found a runed translucent gate.
 39564 | Spider:3 | Found a runed translucent gate.
 39564 | Spider:3 | Noticed infcreate's ghost (adept DECj)
 40001 | Spider:3 | Killed infcreate's ghost
 40035 | Spider:3 | Identified the +0 pair of boots of the Blue Skies {^Contam
                  | rElec rF++ Slay+3}
 40093 | Spider:3 | Gained mutation: You are clumsy. (Dex -2) [mutagenic glow]
 40229 | Spider:4 | Entered Level 4 of the Spider Nest
 40638 | Spider:4 | Received a gift from Trog
 40962 | Spider:4 | Reached XP level 18. HP: 86/174 MP: 3/17
 41469 | Spider:4 | Received a gift from Trog
 41878 | Spider:4 | Got a gossamer rune of Zot
 43109 | D:14     | Noticed Lodul
 43122 | D:14     | Killed Lodul
 43983 | Vaults:1 | Entered Level 1 of the Vaults
 44064 | D:15     | Entered Level 15 of the Dungeon
 44227 | D:15     | Reached skill level 19 in Armour
 44286 | D:15     | Found a staircase to the Depths.
 44665 | D:15     | Identified a scroll of acquirement
 44665 | D:15     | Acquired the ring "Ogie" {rElec EV+5 Str+3 Dex+4 SInv}
 44671 | D:15     | Found an opulent altar of Gozag.
 44856 | Depths:1 | Entered Level 1 of the Depths
 44980 | Depths:1 | Received a gift from Trog
 45116 | Depths:1 | Reached skill level 15 in Shields
 45663 | Depths:1 | Found Nolid's Jewellery Emporium.
 45761 | Depths:1 | Found a runed translucent door.
 45784 | Depths:1 | Found a shimmering altar of Xom.
 45784 | Depths:1 | Identified the +1 halberd of Propriety {chaos, rPois rC-
                  | Dex+2}
 45784 | Depths:1 | Noticed NikiYani's ghost (journeyman MiBe)
 45811 | Depths:1 | Killed NikiYani's ghost
 45968 | Depths:1 | Found a sparkling altar of Nemelex Xobeh.
 46057 | Depths:1 | Found a gateway to Hell.
 46213 | Depths:1 | Found a runed translucent door.
 46225 | Depths:1 | Found a runed translucent door.
 46832 | Depths:2 | Acquired a manual of Armour
 46844 | Depths:2 | Found an ancient bone altar of Kikubaaqudgha.
 46844 | Depths:2 | Found a basalt altar of Yredelemnul.
 46852 | Depths:2 | Found a shimmering altar of Xom.
 46882 | Depths:2 | Noticed a lich
 46892 | Depths:2 | Killed a lich
 46981 | Depths:2 | Received a gift from Trog
 47051 | Depths:2 | Reached XP level 19. HP: 167/184 MP: 15/18
 47342 | Depths:2 | Noticed Nikola
 47537 | Depths:2 | Killed Nikola
 49197 | Depths:2 | Reached skill level 20 in Armour
 49586 | Depths:2 | Found a one-way gate leading to the halls of Pandemonium.
 50245 | Depths:2 | Gained mutation: You occasionally lose the ability to read
                  | scrolls when taking damage. [a cacodemon]
 50251 | Depths:2 | Gained mutation: You have a pair of large horns on your
                  | head. [a cacodemon]
 50267 | Depths:2 | Found a shimmering altar of Xom.
 50649 | Depths:2 | Gained mutation: Armour fits poorly on your strangely
                  | shaped body. [a cacodemon]
 51783 | Depths:3 | Found a glowing silver altar of Zin.
 51793 | Depths:3 | Found a one-way gate to the infinite horrors of the Abyss.
 52146 | Depths:3 | Found Jiulorch's General Store.
 52148 | Depths:3 | Found Dazum's Specific Store.
 52159 | Depths:3 | Found a one-way gateway to a ziggurat.
 52186 | Depths:3 | Reached XP level 20. HP: 194/194 MP: 19/19
 52484 | Depths:3 | Received a gift from Trog
 52965 | Depths:3 | Reached skill level 21 in Armour
 53097 | Depths:3 | Identified the orb of Niubudol {light, Str+2 Dex+3}
 53097 | Depths:3 | Noticed Frederick
 53114 | Depths:3 | Killed Frederick
 53149 | Depths:3 | Identified the +7 short sword of Tomorrow {flame, rN+ MP-9
                  | Int+6 Stlth+}
 53185 | Depths:3 | Found a radiant altar of Vehumet.
 54345 | Depths:3 | Identified the staff of Wiybycobb {rElec Int+5 Conj Air}
 54524 | Depths:4 | Entered Level 4 of the Depths
 54584 | Depths:4 | Found a gate to the Realm of Zot.
 54584 | Depths:4 | Noticed a golden dragon
 54585 | Depths:4 | Noticed a bone dragon
 55303 | Depths:4 | Killed a bone dragon
 55995 | Depths:4 | Found Hooch's Assorted Antiques.
 56044 | Depths:4 | Killed from afar by a shadow dragon

Illustrated notes

Levels and vault maps discovered:
D:1:      dpeg_arrival_rooms_a, layout_basic,
          hellmonk_ecumenical_altar_pennies_from_heaven
D:2:      layout_loops_corners
D:3:      minmay_goblin_kobold_castle, layout_basic, minmay_three_crescents
D:4:      layout_basic, amcnicky_altar_gilded, nicolae_sif_muna_condensation,
          uniq_robin, uniq_crazy_yiuf_cottage
D:5:      layout_loops_ring, uniq_prince_ribbit1, uniq_pikel
D:6:      layout_basic, minmay_temple_entry_tees, serial_shops, shop_statue,
          uniq_jeremiah, uniq_sigmund
D:7:      layout_cave_pools, mainiacjoe_overflow_surrounded_room, uniq_duvessa
D:8:      layout_loops_corners, nicolae_ru_great_annihilating_truth,
          mainiacjoe_overflow_six_doors_small, mainiacjoe_overflow_big_doors
D:9:      wad_statue_garden, layout_loops_corners, okawaru_trees_2,
          lemuel_crystal_altar, uniq_harold, uniq_joseph
D:10:     minmay_the_grid_triangle_9x9_recursive_2_mashed
          [minmay_the_grid_triangle_9x9_prize_top_heavy,
          minmay_the_grid_triangle_9x9_subtriangle,
          minmay_the_grid_triangle_9x9_limited_checkers,
          minmay_the_grid_triangle_9x9_pentomino_pain], layout_basic,
          mainiacjoe_overflow_brackets, nicolae_wu_jian_glorious_leap,
          old_standard_altar
D:11:     layout_cave_pods, serial_column_ruins, column_ruins_hut_water,
          column_ruins_hut, column_ruins_columns_straight,
          column_ruins_columns_straight, column_ruins_columns_straight,
          column_ruins_open_tiny, kiku_gazebo_garden_becter, uniq_nergalle
D:12:     layout_cave_pods, orc_0_dummy, serial_column_ruins, column_ruins_hut,
          column_ruins_grid_2, column_ruins_open_tiny, column_ruins_open_tiny,
          column_ruins_grid_1, column_ruins_grid_3, column_ruins_grid_1,
          column_ruins_corridor_straight
D:13:     layout_roguey
D:14:     layout_basic, hellmonk_vaults_order_and_chaos, uniq_lodul
D:15:     gammafunk_depths_entry_grave, layout_cave_pools,
          minmay_misc_feat_four_crosses, roadster_trireme
Temple:   dpeg_chambers_temple
Lair:1:   layout_roguey, basic_altar, grunt_megastairs_2,
          infiniplex_staircase_pool, lemuel_fruit_tree, uniq_sonja
Lair:2:   minmay_lair_venomous_thicket, layout_cave_pods,
          nicolae_spider_entry_non_spiders
Lair:3:   layout_regular_city, minmay_shoals_entry_hut, beast_lair_carwin_8
Lair:4:   layout_regular_city, nicolae_slime_entry_field_trip,
          portal_ice_cave_entry_pillars_2, beast_lair_carwin_4
Lair:5:   hangedman_lair_tendril_chambers, layout_gridlike
Shoals:1: layout_shoals
Shoals:2: layout_shoals, uniq_ilsuiw
Shoals:3: layout_shoals
Shoals:4: shoals_end_grunt_ice, layout_shoals, nicolae_shop_dragon_depot,
          uniq_donald, uniq_polyphemus
Spider:1: layout_spider_delve, hangedman_spider_tarantella_strand
Spider:2: layout_chambers
Spider:3: layout_cave_pods, gammafunk_ghost_tricky_traps,
          nicolae_spider_nooks_and_crannies
Spider:4: grunt_spider_rune_parallel
Orc:1:    layout_diamond_mine, serial_shops, shop
Orc:2:    grunt_orc_cross, layout_caves, basic_altar, nicolae_orc_damp_corner
Vaults:1: hangedman_vaults_restitches, ontoclasm_vaults_ligature,
          hangedman_vaults_stagger, vaults_mumra_hexcomb,
          nicolae_vaults_storage_closets_1, nicolae_vaults_frosty_reception,
          nicolae_vaults_network_star, ontoclasm_vaults_idyll,
          layout_vaults_omnigrid
Depths:1: thingy_vault_2, layout_basic, nicolae_twisty_statue_hallways,
          ebering_ghost_xom, hell_entry, hangedman_decor_clover_reticule,
          nicolae_concentric_dashed_squares_mild, drop_trap,
          minmay_shop_enchanted_jewellery, nemelex_altar_shiori
Depths:2: skrybe_chaotic_catacombs, layout_cave_pools, rand_demon_pan_entry_9,
          bh_walls_and_bars, hell_entry, serial_bayou_pond_c,
          minmay_misc_feat_rugged, grunt_decor_arrowhead,
          infiniplex_staircase_spiral, uniq_nikola
Depths:3: evilmike_halls_of_destruction, layout_basic, enter_ziggurat_e,
          abyss_entry, hangedman_decor_slide_cut,
          grunt_hell_entry_demonic_statue, nicolae_specific_store, zin_academy
Depths:4: grunt_zot_entry_funnels, layout_gridlike, serial_shops,
          nicolae_diamond_shop, grunt_pan_entry_sceptre,
          nicolae_uskayaw_en_pointe, hell_entry, minmay_shop_grove

Skill      XL: |  1  2  3  4  5  6  7  8  9 10 11 12 13 14 15 16 17 18 19 20 |
---------------+-------------------------------------------------------------+-----
Maces & Flails | 4 5 7 8 9 10 12 13 14 15 16 18 19 20 | 20.7
Fighting       | 4 5 6 8 9 10 12 13 14 15 16 18 19 20 | 20.7
Armour         | 3 4 5 6 7 9 10 12 13 14 15 16 17 18 19 20 21 | 21.4
Dodging        | 3 4 5 6 8 9 11 12 13 14 15 16 17 18 19 20 | 20.3
Shields        | 5 8 10 12 13 15 17 18 | 18.1

Action                     |  1- 3 |  4- 6 |  7- 9 | 10-12 | 13-15 | 16-18 | 19-21 || total
---------------------------+-------+-------+-------+-------+-------+-------+-------++-------
  Melee: Mace              |    85 |   202 |   263 |    65 |       |       |       ||   615
         Headbutt          |     8 |    25 |    51 |   102 |   210 |   267 |   169 ||   832
         Punch             |       |       |     2 |     4 |       |       |       ||     6
         Morningstar       |       |       |       |   469 |  1031 |  1125 |   605 ||  3230
 Invoke: Berserk           |     1 |     3 |     7 |    12 |     9 |     5 |     3 ||    40
         Trog's Hand       |       |       |     1 |     2 |     2 |       |     3 ||     8
         Brothers in Arms  |       |       |       |     2 |     5 |    10 |     9 ||    26
  Evoke: Sack of spiders   |       |       |       |       |       |       |     1 ||     1
    Use: Potion            |       |       |     2 |     4 |     4 |       |       ||    10
         Scroll            |       |       |       |    21 |     9 |     7 |     1 ||    38
   Stab: Paralysed         |       |       |     1 |       |       |       |       ||     1
         Distracted        |       |       |       |     1 |       |       |       ||     1
 Armour: Animal skin       |    21 |       |       |       |       |       |       ||    21
         Plate armour      |    26 |   223 |   209 |   204 |       |       |       ||   662
         Crystal plate arm |       |       |       |   390 |   680 |   726 |   381 ||  2177
  Dodge: Dodged            |    64 |   104 |    99 |   268 |   292 |   357 |   255 ||  1439
  Block: Tower shield      |       |       |       |    22 |   901 |       |       ||   923
         Kite shield       |       |       |       |       |     5 |   828 |   457 ||  1290
